Map: 光影交错-天梯版

Players

TIME (Oliveira)

  • Race: Terran Terran
  • League: Grandmaster

cyan - Winner!

  • Race: Protoss Protoss
  • League: Grandmaster

Event: DreamHack SC2 Masters 2021 Winter

VOD

Have the link to the VOD?

Description

Time

  • Played on: Oct. 9, 2021, 8:48 a.m.
  • Length: 10:45

All games in this series

Show
View Real Time Build Order
Export as new Build Order

TIME Terran 

Build Orders:  

Get SALT Encoding   

  12  0:00  SCV  
  13  0:12  SCV  
  14  0:17  Supply Depot  
  14  0:25  SCV  
  15  0:39  SCV  
  15  0:40  Barracks  
  16  0:45  Refinery  
  16  0:51  SCV  
  17  1:03  SCV  
  18  1:15  SCV  
  19  1:27  Marine, Orbital Command  
  20  1:39  Command Center  
  20  1:45  Barracks Reactor  
  20  1:52  Supply Depot  
  20  1:53  SCV  
  21  2:06  SCV  
  21  2:07  Factory  
  22  2:12  Refinery  
  22  2:15  Bunker  
  22  2:18  SCV  
  22  2:22  Marine x2  
  25  2:30  SCV  
  25  2:35  Supply Depot  
  26  2:40  Marine x2  
  26  2:43  SCV  
  29  2:52  Factory Tech Lab  
  29  2:55  SCV  
  29  2:58  Marine x2  
  30  3:02  Supply Depot  
  32  3:12  Cyclone, Mag-Field Accelerator  
  35  3:16  Marine x2  
  36  3:25  SCV  
  37  3:31  Engineering Bay  
  37  3:34  Supply Depot, Marine x2  
  39  3:51  Supply Depot  
  39  3:55  Marine  
  39  3:56  Cyclone  
  41  4:04  SCV  
  41  4:06  Starport  
  41  4:09  Marine  
  42  4:17  Marine  
  42  4:20  SCV  
  43  4:25  Bunker  
  43  4:34  Cyclone  
  43  4:49  Viking  
  43  4:54  Marine  
  43  4:56  SCV  
  43  5:07  Cyclone  
  43  5:09  SCV  
  47  5:16  Marine  
  44  5:23  SCV  
  45  5:31  Viking  
  47  5:46  Supply Depot  
  47  6:08  Cyclone, Marine  
  51  6:11  Viking  
  53  6:25  Marine  
  51  6:33  SCV  
  52  6:40  Cyclone  
  55  6:47  Supply Depot  
  55  7:02  Supply Depot  
  55  7:09  Viking, Marine  
  55  7:12  Supply Depot, Cyclone  
  61  7:27  Marine  
  61  7:42  Viking  
  63  7:44  Marine, Cyclone  
  67  8:02  Marine  
  68  8:12  Viking  
  70  8:16  Cyclone  
  50  8:42  Viking  
  47  8:48  Cyclone  
  40  9:06  Marine  
  41  9:12  Viking  
  43  9:31  Cyclone  
  43  9:34  Marine  
  47  9:45  Viking  
  49  9:54  Marine  
  50  10:03  Cyclone  
Show
View Real Time Build Order
Export as new Build Order

cyan Protoss - Winner!

Build Orders: Proxy Void Ray 

Get SALT Encoding   

  12  0:09  Pylon  
  12  0:12  Probe  
  13  0:27  Gateway  
  13  0:29  Probe (Chrono Boost)  
  14  0:39  Probe (Chrono Boost)  
  14  0:41  Assimilator  
  15  0:44  Probe (Chrono Boost)  
  16  0:52  Assimilator  
  16  0:56  Probe  
  17  1:08  Probe  
  18  1:14  Cybernetics Core  
  18  1:15  Zealot  
  20  1:20  Probe  
  21  1:28  Pylon  
  21  1:32  Probe  
  22  1:45  Probe  
  23  1:50  Stargate  
  23  1:52  Adept (Chrono Boost)  
  23  1:58  Probe  
  26  2:10  Probe  
  27  2:20  Pylon  
  29  2:25  Void Ray (Chrono Boost)  
  31  2:39  Shield Battery  
  31  2:40  Shield Battery  
  31  2:47  Shield Battery  
  31  2:53  Void Ray (Chrono Boost)  
  31  2:56  Shield Battery  
  35  3:07  Pylon  
  35  3:25  Void Ray (Chrono Boost)  
  35  3:27  Shield Battery  
  35  3:29  Shield Battery  
  39  3:48  Shield Battery  
  39  3:59  Pylon  
  39  4:01  Void Ray (Chrono Boost)  
  43  4:24  Shield Battery  
  43  4:32  Void Ray (Chrono Boost)  
  43  4:38  Shield Battery  
  47  4:39  Shield Battery  
  45  4:59  Pylon  
  45  5:02  Fleet Beacon  
  47  5:30  Warp Gate  
  47  5:31  Shield Battery  
  47  5:45  Tempest  
  47  5:48  Gateway  
  48  5:56  Shield Battery  
  48  5:57  Shield Battery  
  48  5:59  Pylon, Shield Battery  
  48  6:28  Tempest (Chrono Boost)  
  53  6:34  Shield Battery  
  53  6:38  Sentry  
  55  6:45  Shield Battery  
  55  7:06  Tempest (Chrono Boost)  
  60  7:13  Shield Battery  
  60  7:16  Shield Battery  
  60  7:22  Adept  
  57  7:35  Adept  
  59  7:37  Pylon  
  59  7:53  Tempest (Chrono Boost), Shield Battery  
  64  8:25  Stalker x2  
  56  8:28  Oracle  
  40  8:48  Stalker x2  
  40  9:12  Stalker x2  
  44  9:33  Nexus  
  44  9:35  Stalker  
  46  9:44  Stalker  
  48  10:13  Zealot  
  43  10:23  Zealot  
  37  10:38  Stalker  

Tags
 
Add a new tag
Caveats
  • Supply blocks, unpowered buildings, or Contaminate may cause inaccurate times.
  • Supply counts are checked every 10 seconds.